 Dungeon Crawl Stone Soup version 0.18-a0-1078-gebb93d0 (webtiles) character file.

114 xgamer67 the Covert (level 4, 0/29 HPs)
             Began as an Octopode Assassin on Jan 14, 2016.
             Slain by xgamer67's ghost (1 damage)
             ... on level 3 of the Dungeon.
             The game lasted 00:06:33 (1697 turns).

xgamer67 the Covert (Octopode Assassin)             Turns: 1697, Time: 00:06:33

Health: 0/29       AC:  6    Str: 10    XL:     4   Next: 98%
Magic:  4/4        EV: 11    Int: 14    God:
Gold:   123        SH:  0    Dex: 13    Spells: 0 memorised, 3 levels left

rFire  . . .     SeeInvis +     a - +3 dagger (protect)
rCold  . . .     Gourm    .     (no shield)
rNeg   . . .     Faith    .     p - +0 hat {SInv}
rPois  .         Spirit   .     (no amulet)
rElec  .         Dismiss  .     m - ring of sustain attributes
rCorr  .         Reflect  .     (no ring)
SustAt +         Harm     .     (no ring)
MR     .....                    (no ring)
Stlth  +++++.....               (no ring)
                                (no ring)
                                (no ring)
                                (no ring)

@: not resistant to hostile enchantments, quite stealthy
A: almost no armour, amphibious, 8 rings, constrict 8, camouflage 1, gelatinous
body 1
a: no special abilities


You were on level 3 of the Dungeon.
You were not hungry.

You visited 1 branch of the dungeon, and saw 3 of its levels.

You collected 123 gold pieces.

Inventory:

Hand Weapons
 a - a +3 dagger of protection (weapon)
 b - a +0 blowgun
 i - a +2 dagger
Missiles
 c - 17 poisoned needles
 e - 3 poisoned javelins (quivered)
 n - 52 stones
 t - 6 tomahawks
Armour
 p - a +0 hat of see invisible (worn)
Jewellery
 m - a ring of sustain attributes (left tentacle)
Wands
 r - a wand of magic darts (27/48)
Scrolls
 g - a scroll of magic mapping
 h - a scroll of remove curse
 j - a scroll of enchant weapon
 k - a scroll of noise
 l - a scroll of teleportation {unknown}
 q - a scroll of recharging {unknown}
Potions
 o - 2 potions of agility {unknown}
 s - a potion of curing {unknown}
 u - 2 potions of heal wounds {unknown}
 v - a potion of flight {unknown}
 z - a potion of cure mutation {unknown}
Comestibles
 f - 3 bread rations
 w - 2 meat rations
 x - 4 chunks of flesh
 A - a slice of pizza


   Skills:
 - Level 2.0 Fighting
 + Level 2.8 Short Blades
 - Level 2.0 Throwing
 - Level 1.0 Dodging
 - Level 8.0 Stealth


You had 3 spell levels left.
You didn't know any spells.

Dungeon Overview and Level Annotations

Branches:
Dungeon (3/15)

Altars:

Annotations:
D:3 xgamer67's ghost, weakling OpAs


Innate Abilities, Weirdness & Mutations

You cannot wear most types of armour.
You are amphibious.
You can wear up to eight rings at the same time.
You can use your tentacles to constrict eight enemies at once.
Your skin changes colour to match your surroundings (Stealth).
Your rubbery body absorbs attacks (AC +1).


Message History

Xgamer67's ghost is lightly damaged.
Xgamer67's ghost closely misses you.
Firing (i - inventory. (,) - cycle):
d - a curare-tipped needle (quivered)
Press: ? - help, Shift-Dir - straight line, f/p - xgamer67's ghost
Aim: xgamer67's ghost, wielding a weapon of flaming (lightly damaged)
You shoot a curare-tipped needle.
The curare-tipped needle hits xgamer67's ghost.
Xgamer67's ghost is lightly damaged.
Xgamer67's ghost hits you!
* * * LOW HITPOINT WARNING * * *
Xgamer67's ghost burns you.
* * * LOW HITPOINT WARNING * * *
You feel protected!
a - a +3 dagger of protection (weapon)
You hit xgamer67's ghost.
Xgamer67's ghost is moderately damaged.
Xgamer67's ghost hits you.
* * * LOW HITPOINT WARNING * * *
Xgamer67's ghost burns you.
You die...

(.......<.....#
######.##..###
########.##..#
.........##..#
.######..##.##
#..##.# #..##.#
#####..##.#
....=.(W@..#
###.##..##)# #
#.## # #.# ..
##. ..


You could see xgamer67's ghost.

Vanquished Creatures
  Crazy Yiuf (D:2)
  A gnoll (D:1)
  An adder (D:2)
  An ooze (D:2)
  2 giant geckos
  5 orcs (D:3)
  A ball python (D:2)
  3 giant cockroaches
  3 goblins
  5 hobgoblins
  9 jackals (D:1)
  8 kobolds
  A quokka (D:3)
  3 bats
  2 giant newts
  4 rats
50 creatures vanquished.

Notes
Turn   | Place    | Note
--------------------------------------------------------------
     0 | D:1      | xgamer67 the Octopode Assassin began the quest for the Orb.
     0 | D:1      | Reached XP level 1. HP: 14/14 MP: 1/1
    64 | D:1      | Reached XP level 2. HP: 19/19 MP: 2/2
    70 | D:1      | Reached skill level 6 in Stealth
   205 | D:1      | Reached XP level 3. HP: 20/24 MP: 3/3
   545 | D:1      | Reached skill level 7 in Stealth
   861 | D:2      | Noticed Crazy Yiuf
   868 | D:2      | Killed Crazy Yiuf
   868 | D:2      | Reached skill level 8 in Stealth
   868 | D:2      | Reached XP level 4. HP: 19/29 MP: 4/4
  1687 | D:3      | Noticed xgamer67's ghost (weakling OpAs)
  1697 | D:3      | HP: 1/29 [xgamer67's ghost (5)]
  1697 | D:3      | Slain by xgamer67's ghost

Vault maps used:
D:1:      nicolae_arrival_memento_mori
D:2:      first_bread, kennysheep_generic_room_6, uniq_crazy_yiuf_cottage
D:3:      minmay_gold_behind_fungi

Action                   |  1- 3 |  4- 6 || total
-------------------------+-------+-------++-------
Melee: Dagger            |    56 |    35 ||    91
 Fire: Blowgun           |     3 |     2 ||     5
  Use: Scroll            |       |     4 ||     4
 Stab: Sleeping          |    10 |     8 ||    18
       Distracted        |       |     1 ||     1
  Eat: Chunk             |       |     2 ||     2
